 Dungeon Crawl Stone Soup version 0.31-a0-986-g5e6e4ef867 (webtiles) character file.

Game seed: 9435998988938541461

554 Dittersdorf the Shield-Bearer (level 7, -5/55 HPs)
             Began as a Human Fighter on Nov 7, 2023.
             Slain by an ogre
             ... wielding a +0 giant club
              (9 damage)
             ... on level 5 of the Dungeon.
             The game lasted 00:05:41 (3958 turns).

Dittersdorf the Shield-Bearer (Human Fighter)       Turns: 3958, Time: 00:05:42

Health: -5/55      AC: 11    Str: 24    XL:     7   Next: 55%
Magic:  7/7        EV:  4    Int:  8    God:
Gold:   173        SH:  0    Dex: 13    Spells: 6/6 levels left

rFire   . . .        a - +1 long sword
rCold   . . .        w - +0 kite shield
rNeg    . . .        m - +1 scale mail {Will+}
rPois   .            n - +0 helmet
rElec   .            (no cloak)
rCorr   .            l - +1 pair of gloves
SInv    +            (no boots)
Will    +....        (no amulet) Stlth
                     g - ring of see invisible
HPRegen 0.29/turn    r - +6 ring of strength
MPRegen 0.10/turn

%: no passive effects
@: held
A: no striking features
a: no special abilities


You were on level 5 of the Dungeon.
You visited 1 branch of the dungeon, and saw 5 of its levels.

You collected 173 gold pieces.

Inventory:

Hand Weapons
 a - a +1 long sword (weapon)
Missiles
 x - 5 curare-tipped darts (quivered)
Armour
 l - a +1 pair of gloves (worn)
 m - a +1 scale mail of willpower (worn)
 n - a +0 helmet (worn)
 w - a +0 kite shield (worn)
Jewellery
 g - a ring of see invisible (left hand)
 r - a +6 ring of strength (right hand)
 t - a ring of resist corrosion
Wands
 v - a wand of paralysis (11)
Scrolls
 f - 2 scrolls of blinking
 h - a scroll of fog {unknown}
 o - a scroll of teleportation
 q - 2 scrolls of enchant armour {unknown}
Potions
 b - a potion of cancellation {unknown}
 d - a potion of might
 i - 5 potions of heal wounds {unknown}
 j - a potion of invisibility {unknown}
 k - 2 potions of degeneration {unknown}
 p - 2 potions of berserk rage {unknown}
 s - a potion of magic
 u - a potion of brilliance


   Skills:
 + Level 4.7 Fighting
 + Level 4.2 Long Blades
 + Level 4.7 Armour
 + Level 4.8 Shields


You had 6 spell levels left.
You didn't know any spells.
Your spell library contained the following spells:

 Spells                   Type           Power      Damage    Failure   Level
 Apportation              Tloc           0%         N/A       91%         1
 Slow                     Hex            0%         N/A       91%         1
 Summon Small Mammal      Summ           0%         N/A       91%         1
 Jinxbite                 Hex            0%         N/A       97%         2
 Call Canine Familiar     Summ           0%         N/A       99%         3
 Confusing Touch          Hex            0%         N/A       99%         3
 Sigil of Binding         Hex            0%         N/A       99%         3
 Summon Guardian Golem    Hex/Summ       0%         N/A       99%         3
 Vampiric Draining        Necr           0%         2d6       99%         3
 Alistair's Intoxication  Tmut/Pois      0%         N/A       100%        5


Dungeon Overview and Level Annotations

Branches:
Dungeon (5/15)
 Temple: D:4-7

Altars:
Kikubaaqudgha
Makhleb
Sif Muna
Uskayaw
Vehumet
Wu Jian
Yredelemnul
Zin

Shops:
D:1 *


Message History

You barely miss the ogre.
The ogre is moderately wounded.
You block the gnoll's attack.
The gnoll sergeant hits you but does no damage.
You block the ogre's attack.
The gnoll hits you from afar with a +0 spear.
You block the gnoll sergeant's attack.
You barely miss the ogre.
The ogre is moderately wounded.
The gnoll sergeant hits you from afar with a +0 spear.
The gnoll hits you but does no damage.
You completely miss the ogre.
The ogre is moderately wounded.
The ogre hits you with a +0 giant club! The gnoll sergeant barely misses you.
The gnoll hits you from afar with a +0 spear.
You are too injured to fight recklessly!
You are too injured to fight recklessly!
You are too injured to fight recklessly!
You are too injured to fight recklessly!
You are too injured to fight recklessly!
You are too injured to fight recklessly!
You are too injured to fight recklessly!
You are too injured to fight recklessly!
You are too injured to fight recklessly!
You are too injured to fight recklessly!
You are too injured to fight recklessly!
The ogre attacks as it pursues you! The ogre closely misses you.
The gnoll sergeant attacks as it pursues you!
The gnoll sergeant hits you but does no damage.
The ogre attacks as it pursues you!
The ogre hits you with a +0 giant club!!
* * * LOW HITPOINT WARNING * * *
Found an escape hatch in the floor.
The gnoll throws a throwing net.
The throwing net hits you.
You become entangled in the net!
You see here a throwing net.
You struggle against the net.
The gnoll sergeant hits you but does no damage.
You struggle against the net.
The ogre hits you with a +0 giant club!
You die...

..# ..#
#..#.......# #..##
..# #..##...##..
#...## #..#
#.###...##
#....###..#
##.###g...#
#....#...#
#..#...##.g#
#.......## #...g.##
g..# #...<....##
##.gg.## ...#
#.<.......###..g.##
.....
#.(..[.[.....@O..#
....
#...........###..#
..#. #.....####..#
##.... #.#####
#..## ##...... ##
##..# #....# #..#
#..## #..## #....
#..†###...#>
##..##...#


You could see an ogre, a gnoll sergeant and 4 gnolls.

Vanquished Creatures
  Sigmund (D:4)
  An orc priest (D:4)
  2 hounds (D:5)
  A sleepcap (D:4)
  2 iguanas
  3 orc wizards
  6 adders
  3 worms
  3 dart slugs
  8 orcs
  4 ball pythons
  8 endoplasms
  7 giant cockroaches
  4 goblins
  8 hobgoblins
  4 kobolds
  6 quokkas
  6 bats
  6 frilled lizards
  10 rats
93 creatures vanquished.

Notes
Turn   | Place    | Note
-------+----------+-------------------------------------------
     0 | D:1      | Dittersdorf the Human Fighter began the quest for the Orb.
     0 | D:1      | Reached XP level 1. HP: 18/18 MP: 1/1
   113 | D:1      | Reached XP level 2. HP: 24/24 MP: 2/2
   352 | D:1      | Reached XP level 3. HP: 29/29 MP: 3/3
   401 | D:1      | Found Ybenn's Assorted Antiques.
   968 | D:2      | Reached XP level 4. HP: 35/35 MP: 4/4
  1359 | D:2      | Found a faded altar of an unknown god.
  1377 | D:3      | Identified the of Nuiqo
  1727 | D:3      | Reached XP level 5. HP: 39/41 MP: 5/5
  1932 | D:3      | Found a radiant altar of Vehumet.
  1938 | D:3      | Found an ancient bone altar of Kikubaaqudgha.
  1945 | D:3      | Found a shimmering blue altar of Sif Muna.
  2553 | D:4      | Reached XP level 6. HP: 35/48 MP: 6/6
  2682 | D:4      | Found Muniem's Neck Hole.
  2824 | D:4      | Found a glowing silver altar of Zin.
  2825 | D:4      | Found a burning altar of Makhleb.
  2826 | D:4      | Found an ornate altar of the Wu Jian Council.
  2826 | D:4      | Found a basalt altar of Yredelemnul.
  3025 | D:4      | Noticed Sigmund
  3044 | D:4      | Killed Sigmund
  3045 | D:4      | Reached XP level 7. HP: 51/55 MP: 7/7
  3661 | D:5      | Entered Level 5 of the Dungeon
  3880 | D:5      | Found a hide-covered altar of Uskayaw.
  3951 | D:5      | HP: 2/55 [ogre/+0 giant club (25)]
  3958 | D:5      | Slain by an ogre

Illustrated notes

Levels and vault maps discovered:
D:1:      roderic_octagonal_star, layout_rooms, serial_shops, shop,
          serial_bayou_crossing
D:2:      layout_rooms, shapermc_ecumenical_altar_mp_urbaneastern,
          minmay_misc_feat_columns, bh_walls_and_bars
D:3:      layout_loops_ring, grunt_temple_overflow_magic_moments
D:4:      layout_cave_pods, mainiacjoe_overflow_alcove_3,
          nicolae_shop_sticking_my_neck_out, uniq_sigmund
D:5:      layout_layer_cave, mainiacjoe_overflow_boulevard

Skill      XL: |  1  2  3  4  5  6  7 |
---------------+----------------------+-----
Long Blades    | 3 4 |  4.2
Shields        | 4 |  4.8
Fighting       | 4 |  4.7
Armour         | 4 |  4.7

Action                     |  1- 3 |  4- 6 |  7- 9 || total
---------------------------+-------+-------+-------++-------
  Melee: Long sword        |   119 |   166 |    67 ||   352
  Throw: Dart              |       |     1 |       ||     1
    Use: Scroll            |       |     5 |     3 ||     8
 Armour: Scale mail        |    59 |    15 |    45 ||   119
         Ring mail         |    43 |    64 |       ||   107
  Dodge: Dodged            |    78 |    74 |    22 ||   174
  Block: Buckler           |    36 |    16 |       ||    52
         Kite shield       |       |    53 |    36 ||    89

Table legend: (Time is in decaauts)
 A = Elapsed time spent in this place.
 B = Non-inter-level travel time spent in this place.
 C = Inter-level travel time spent in this place.
 D = Time resting spent in this place.
 E = Time spent auto-exploring this place.
 F = Levels seen in this place.
 G = Mean time per level.
                   A        B        C        D        E       F      G
               +--------+--------+--------+--------+--------+-----+--------+
         Total |   4081 |   3924 |    157 |    443 |   2534 |   5 |  816.2 |
       Dungeon |   4081 |   3924 |    157 |    443 |   2534 |   5 |  816.2 |
               +--------+--------+--------+--------+--------+-----+--------+

Top non-repeatable levels by time:
     D:4: 1423 daAuts
     D:3: 1079 daAuts
     D:1: 717 daAuts
     D:2: 706 daAuts
     D:5: 154 daAuts
